Map: [ESL] Babylon

Players

Oliveira - Winner!

  • Race: Terran Terran
  • Spawn Location: 5:00

SCV

  • Race: Protoss Protoss
  • Spawn Location: 11:00

Event: ESL SC2 Masters 2023 Summer (Regionals)

VOD

Have the link to the VOD?

Description

Time

  • Played on: May 2, 2023, 8:30 a.m.
  • Length: 6:02

All games in this series

Show
View Real Time Build Order
Export as new Build Order

Oliveira Terran - Winner!

Build Orders:  

Get SALT Encoding   

  12  0:00  SCV  
  13  0:12  SCV  
  14  0:17  Supply Depot  
  14  0:24  SCV  
  15  0:38  SCV  
  15  0:39  Barracks  
  16  0:44  Refinery  
  16  0:50  SCV  
  16  0:53  Refinery  
  17  1:02  SCV  
  18  1:15  SCV  
  19  1:26  Reaper  
  19  1:27  Orbital Command  
  19  1:30  Supply Depot  
  20  1:41  Factory  
  20  1:54  SCV  
  20  1:59  Barracks Reactor  
  21  2:06  SCV  
  22  2:18  SCV  
  22  2:20  Command Center  
  23  2:25  Hellion  
  25  2:34  Supply Depot  
  25  2:36  Reaper  
  27  2:37  Reaper  
  27  2:38  SCV  
  28  2:47  Hellion  
  28  2:50  SCV  
  31  2:56  Starport  
  31  3:02  SCV  
  32  3:07  Marine  
  32  3:09  Marine, Factory Tech Lab  
  34  3:14  SCV  
  35  3:28  Siege Tank  
  35  3:34  Orbital Command, Marine x2  
  39  3:41  Starport Tech Lab  
  40  3:44  Barracks  
  40  3:51  Marine  
  40  3:52  Orbital Command, Marine  
  42  3:59  Banshee  
  45  4:03  Siege Tank  
  45  4:08  Supply Depot  
  45  4:09  Marine  
  49  4:12  Marine  
  50  4:20  SCV x2  
  52  4:27  Marine  
  52  4:30  Marine, Supply Depot  
  54  4:32  Marine  
  54  4:35  Siege Tank  
  58  4:44  Banshee  
  58  4:45  Marine  
  62  4:49  Supply Depot  
  62  4:52  Marine x2  
  64  5:03  Marine  
  65  5:09  Marine  
  65  5:10  Marine  
  65  5:13  Supply Depot  
  66  5:18  Siege Tank  
  66  5:20  Marine  
  68  5:27  Marine x2  
  68  5:38  Marine  
Show
View Real Time Build Order
Export as new Build Order

SCV Protoss 

Build Orders: 1 Gate Expand, Blink Stalkers 

Get SALT Encoding   

  12  0:00  Probe  
  13  0:12  Probe  
  14  0:17  Pylon  
  14  0:24  Probe (Chrono Boost)  
  15  0:36  Probe (Chrono Boost)  
  15  0:38  Gateway  
  16  0:44  Probe (Chrono Boost)  
  16  0:46  Assimilator  
  17  0:51  Probe  
  18  1:03  Probe  
  19  1:15  Probe  
  20  1:25  Cybernetics Core  
  20  1:35  Nexus  
  20  1:37  Probe  
  21  1:44  Pylon  
  21  1:49  Probe  
  21  1:53  Assimilator  
  22  2:00  Adept (Chrono Boost)  
  22  2:01  Probe  
  23  2:03  Warp Gate (Chrono Boost)  
  25  2:13  Probe  
  26  2:20  Twilight Council  
  26  2:25  Probe  
  27  2:30  Stalker  
  29  2:38  Probe (Chrono Boost)  
  30  2:45  Shield Battery  
  30  2:47  Probe (Chrono Boost)  
  32  2:55  Probe (Chrono Boost)  
  32  2:56  Probe (Chrono Boost), Blink (Chrono Boost)  
  33  3:01  Probe (Chrono Boost)  
  33  3:03  Probe  
  34  3:11  Stalker  
  36  3:16  Probe x2  
  38  3:23  Gateway  
  38  3:30  Robotics Facility  
  37  3:34  Probe x2  
  39  3:43  Gateway  
  39  3:48  Probe x2  
  41  3:51  Pylon  
  41  3:55  Stalker  
  43  4:00  Probe x2  
  45  4:05  Pylon  
  45  4:12  Probe x2  
  47  4:18  Stalker x2  
  47  4:22  Observer (Chrono Boost)  
  52  4:27  Probe x2  
  54  4:37  Nexus  
  54  4:39  Pylon, Observer  
  54  4:42  Probe x2  
  57  4:47  Assimilator  
  57  4:58  Gateway  
  57  5:00  Stalker x2  
  57  5:02  Stalker  
  65  5:22  Pylon  
  65  5:23  Pylon, Stalker  
  65  5:28  Pylon, Stalker  
  69  5:38  Stalker  
  69  5:42  Gateway  
  65  5:45  Gateway  
  65  5:47  Probe x2  
Tags
 
Add a new tag
Caveats
  • Supply blocks, unpowered buildings, or Contaminate may cause inaccurate times.
  • Supply counts are checked every 10 seconds.